 Dungeon Crawl Stone Soup version 0.16-a0-4108-g6e49b0d (webtiles) character file.

118 Chiseanne the Skirmisher (level 4, 0/37 HPs)
             Began as a Mummy Monk on Feb 26, 2015.
             Slain by Sigmund
             ... wielding a +0 scythe
              (2 damage)
             ... on level 3 of the Dungeon.
             The game lasted 00:05:16 (2494 turns).

Chiseanne the Skirmisher (Mummy Monk)               Turns: 2494, Time: 00:05:16

Health: 0/37       AC:  9    Str: 15    XL:     4   Next: 72%
Magic:  13/13      EV:  7    Int:  9    God:
Gold:   108        SH:  0    Dex: 14    Spells: 0 memorised, 3 levels left

rFire  x . .     SeeInvis .     a - +1 whip (elec)
rCold  + . .     Clarity  .     h - +0 chain mail
rNeg   + + +     SustAb   .     (no shield)
rPois  ∞         Gourm    .     (no helmet)
rElec  .         Spirit   .     (no cloak)
rCorr  .         Warding  .     d - +0 pair of gloves
rMut   .         Stasis   .     (no boots)
MR     .....                    (no amulet)
Stlth  ..........               (no ring)
                                f - ring of magical power

@: not resistant to hostile enchantments, extremely unstealthy
A: no food or potions, fire vulnerability, restore body, cold resistance 1,
negative energy resistance 3, poison resistance, torment resistance, unbreathing
a: no special abilities


You were on level 3 of the Dungeon.
You were not hungry.

You visited 1 branch of the dungeon, and saw 3 of its levels.

You collected 108 gold pieces.

Inventory:

Hand weapons
 a - a +1 whip of electrocution (weapon)
Missiles
 b - 80 stones (quivered)
 c - 10 sling bullets of flame
 e - 21 poisoned arrows
Armour
 d - a +0 pair of gloves (worn)
 h - a +0 chain mail (worn)
Jewellery
 f - a ring of magical power (left hand)
Magical devices
 g - a wand of random effects (38)
Scrolls
 k - a scroll of fear
Books
 i - a Fen Folio

   Spells                             Type                      Level
   a - Corpse Rot                     Necromancy                   2
   b - Stone Arrow                    Conjuration/Earth            3
   c - Leda's Liquefaction            Hexes/Earth                  4
   d - Summon Forest                  Summoning/Translocation      5
   e - Hydra Form                     Transmutation                6
   f - Summon Hydra                   Summoning                    7
 l - a book of Dreams

   Spells                             Type                      Level
   a - Ensorcelled Hibernation        Hexes/Ice                    2
   b - Flight                         Charms/Air                   3
   c - Phase Shift                    Translocation                5
   d - Shadow Creatures               Summoning                    5
   e - Mass Confusion                 Hexes                        6
   f - Darkness                       Hexes                        7


   Skills:
 * Level 3.9 Fighting
 * Level 2.2 Armour
 * Level 3.1 Dodging
 - Level 1.5 Stealth
 - Level 3.2 Unarmed Combat


You had 3 spell levels left.
You didn't know any spells.

Dungeon Overview and Level Annotations

Branches:
Dungeon (3/15)

Altars:
Xom

Annotations:
D:3 Sigmund


Innate Abilities, Weirdness & Mutations

You do not eat or drink.
Your flesh is vulnerable to fire.
Your flesh is cold resistant.
You are immune to negative energy.
Your system is resistant to poisons.
You are immune to unholy pain and torment.
You can survive without breathing.


Message History

Sigmund barely misses you.
You closely miss Sigmund. Sigmund hits you with a scythe!
You hit Sigmund but do no damage.
You feel less confused.
Your chain mail prevents you from hitting Sigmund.
Sigmund gestures at you while chanting. The puff of flame hits you!
The fire burns you terribly!
* * * LOW HITPOINT WARNING * * *
Sigmund gestures at you while chanting. You resist with some effort.
You hit Sigmund but do no damage.
There is a sudden explosion of sparks!
Sigmund is heavily wounded.
Sigmund hits you with a scythe.
* * * LOW HITPOINT WARNING * * *
You hit Sigmund but do no damage.
Sigmund is heavily wounded.
You hit Sigmund but do no damage.
Sigmund is heavily wounded.
Sigmund hits you with a scythe.
You die...

#. ### #. ### ..######
#.#####.< ....!..#
#.......# #.##.#.##
#....... #.##....##
..<##@# #
#.##.....##.#.##@##.###.#
#.#.†.......#...........#
#.#.......###.#####.###.#
#.#.........#.# #
#.##........#.#
..##....#.....#
####.)......#.#
##...........
#.###..###.##


You could see Sigmund.

Vanquished Creatures
  6 adders
  3 worms
  6 giant geckos
  An orc (D:3)
  A giant cockroach (D:3)
  5 goblins
  9 hobgoblins
  3 bats
  2 giant newts (D:2)
  2 kobolds
  10 rats
48 creatures vanquished.

Notes
Turn   | Place    | Note
--------------------------------------------------------------
     0 | D:1      | Chiseanne, the Mummy Monk, began the quest for the Orb.
     0 | D:1      | Reached XP level 1. HP: 18/18 MP: 1/1
   202 | D:1      | Reached XP level 2. HP: 22/24 MP: 2/2
  1137 | D:2      | Found a shimmering altar of Xom.
  1148 | D:2      | Reached XP level 3. HP: 29/29 MP: 3/3
  1221 | D:2      | Reached skill level 1 in Armour
  1823 | D:2      | Reached XP level 4. HP: 35/37 MP: 4/4
  2483 | D:3      | Noticed Sigmund
  2492 | D:3      | HP: 1/37 [Sigmund/scythe (6)]
  2494 | D:3      | Slain by Sigmund

Action                   |  1- 3 |  4- 6 || total
-------------------------+-------+-------++-------
Melee: Unarmed           |    78 |       ||    78
       Whip              |    52 |    58 ||   110
  Use: Scroll            |     4 |     2 ||     6
